 Dungeon Crawl Stone Soup version 0.20.0-6-gd3061e9 (webtiles) character file.

16661 George the Carver (level 12, -2/92 HPs)
             Began as a Demonspawn Gladiator on May 28, 2017.
             Was a High Priest of Makhleb.
             Slain by a white ugly thing (35 damage)
             ... in an ice cave.
             The game lasted 00:27:35 (10780 turns).

George the Carver (Demonspawn Gladiator)           Turns: 10780, Time: 00:27:36

Health: -2/92      AC: 17    Str: 18    XL:     12   Next: 12%
Magic:  19/19      EV: 17    Int: 10    God:    Makhleb [*****.]
Gold:   832        SH:  0    Dex: 21    Spells: 1/11 levels left

rFire    . . .     SeeInvis .   a - +0 great sword
rCold    . . .     Gourm    .   (shield currently unavailable)
rNeg     . . .     Faith    .   l - +0 chain mail
rPois    .         Spirit   .   (helmet restricted)
rElec    .         Reflect  .   z - scarf {cloud immunity}
rCorr    .         Harm     .   D - +0 pair of gloves
MR       +....                  (no boots)
Stlth    ..........             c - amulet of rage
Regen    0.7/turn               e - ring of protection from magic
MPRegen  0.2/turn               B - +2 ring of slaying

@: agile
A: horns 2, iridescent scales 3, demonic guardian 1, powered by pain 2,
regeneration 1
a: Minor Destruction, Lesser Servant of Makhleb, Major Destruction, Greater
Servant of Makhleb, Renounce Religion, Evoke Berserk Rage


You were in an ice cave.
You worshipped Makhleb.
Makhleb was extremely pleased with you.
You were very hungry.

You visited 2 branches of the dungeon, and saw 13 of its levels.
You also visited: Ice Cave.

You collected 832 gold pieces.

Inventory:

Hand Weapons
 a - a +0 great sword (weapon)
Missiles
 d - 7 throwing nets
 G - 7 javelins (quivered)
Armour
 l - a +0 chain mail (worn)
 z - a scarf of cloud immunity (worn)
 D - a +0 pair of gloves (worn)
 I - a +2 cloak of poison resistance
Jewellery
 c - an amulet of rage (around neck)
 e - a ring of protection from magic (left hand)
 j - an uncursed ring of fire
 B - a +2 ring of slaying (right hand)
 M - a +3 ring of dexterity
Wands
 q - a wand of random effects (22/48)
 r - a wand of digging (12/24)
Scrolls
 b - a scroll of fear
 h - a scroll of magic mapping
 i - a scroll of silence {unknown}
 k - a scroll of immolation {unknown}
 n - 5 scrolls of enchant weapon {unknown}
 t - 4 scrolls of remove curse
 u - 2 scrolls of random uselessness {unknown}
 v - 3 scrolls of enchant armour {unknown}
 x - 3 scrolls of fog {unknown}
 y - 2 scrolls of recharging {unknown}
 E - 6 scrolls of amnesia {unknown}
 H - a scroll of noise {unknown}
 K - a scroll of acquirement {unknown}
 L - a scroll of brand weapon {unknown}
Potions
 m - 4 potions of mutation
 o - 2 potions of haste
 p - a potion of might
 s - 3 potions of heal wounds
 w - 4 potions of cancellation
 F - a potion of brilliance {unknown}
 J - a potion of flight {unknown}
Comestibles
 f - 6 bread rations
 g - 27 royal jellies
 A - 9 fruits
 C - 6 meat rations


   Skills:
 + Level 7.7 Fighting
 + Level 12.2 Long Blades
 - Level 1.7 Throwing
 + Level 6.9 Armour
 + Level 7.5 Dodging
 + Level 9.6 Invocations


You had one spell level left.
You knew the following spells:

 Your Spells              Type           Power        Failure   Level  Hunger
a - Shroud of Golubria    Chrm/Tloc      #.........   99%         2    ###....
b - Song of Slaying       Chrm           #.......     99%         2    ###....
c - Regeneration          Chrm/Necr      #.........   100%        3    ####...
d - Spectral Weapon       Hex/Chrm       #.......     100%        3    ####...


Dungeon Overview and Level Annotations

Branches:
Dungeon (12/15)            Temple (1/1) D:4            Lair (0/6) D:10
    Orc (0/2) D:9

Altars:
Ashenzari
Cheibriados
Dithmenos
Elyvilon
Fedhas
Gozag
Hepliaklqana
Kikubaaqudgha
Makhleb
Nemelex Xobeh
Okawaru
Qazlal
Ru
Sif Muna
Trog
Uskayaw
Vehumet
Xom
Yredelemnul
Zin
The Shining One

Shops:
D:7 %((


Innate Abilities, Weirdness & Mutations

You have a pair of horns on your head.
You are completely covered in iridescent scales. (AC +6)
A weak demonic guardian rushes to your aid.
You sometimes gain power by taking damage.
Your natural rate of healing is unusually fast.


Message History

You hit the ice statue but do no damage.
You headbutt the ice statue.
You destroy the ice statue!
Makhleb accepts your kill.
The ice beast disappears in a puff of smoke! x3
Your shadow imp hits the white ugly thing.
The white ugly thing completely misses you.
You riposte.
You barely miss the white ugly thing.
The white ugly thing is lightly wounded.
Your shadow imp hits the white ugly thing but does no damage.
Your shadow imp hits the white ugly thing.
Your shadow imp hits the white ugly thing.
Your shadow imp gestures at the white ugly thing.
The white ugly thing writhes in agony!
Your shadow imp gestures at the white ugly thing.
The white ugly thing resists with significant effort.
You slice the white ugly thing!!
The white ugly thing is heavily wounded.
The white ugly thing trunk-slaps you! The white ugly thing freezes you!!
You die...

#....∩....#
#.........#
#.........#
#....∩....#
##.......##
##.....##
###.###
##.....##
##...@...##
#....u....#
#.........#
#.........#
#....55..(#
#([...†.[)#
#####.#####
#.........#
#.........#


You could see a white ugly thing and 2 friendly shadow imps.

Vanquished Creatures
  Harold (D:11)
  4 two-headed ogres
  Sonja (D:11)
  An ugly thing (IceCv)
  Psyche (D:8)
  3 ice statues (IceCv)
  A kobold demonologist (D:11)
  3 trolls
  A queen bee (D:11)
  A hippogriff (D:9)
  The ghost of removed the Skirmisher, an amateur VSEE (D:4)
  A vampire (D:10)
  4 fire bats (D:9)
  6 yaks (D:11)
  A wraith (D:10)
  A wyvern (D:10)
  A hell hound (D:9)
  8 ice beasts
  4 orc warriors (D:9)
  A swamp drake (D:9)
  6 sky beasts
  2 black bears
  A phantom (D:6)
  An eye of draining (D:10)
  2 ogres
  A necrophage (D:7)
  3 centaurs
  A crocodile (D:11)
  6 big kobolds
  2 bullfrogs
  24 killer bees
  A scorpion (D:5)
  2 howler monkeys (D:8)
  2 lava snakes (D:9)
  4 jellies
  A bullfrog zombie (D:6)
  3 crimson imps
  4 centaur skeletons
  3 centaur zombies
  6 hounds
  7 orc priests
  A gnoll shaman (D:5)
  11 orc wizards
  3 bullfrog skeletons
  2 iguanas (D:9)
  Terence (D:2)
  5 worker ants
  A killer bee zombie (D:8)
  A hound zombie (D:9)
  2 hound skeletons
  8 gnolls (D:5)
  13 adders
  4 shadow imps
  5 oozes (D:9)
  2 adder skeletons
  2 adder zombies
  3 worms
  3 dart slugs
  9 leopard geckos
  59 orcs
  6 giant cockroaches
  4 goblins
  4 hobgoblins
  11 jackals
  3 quokkas
  A ball python (D:4)
  8 bats
  4 frilled lizards
  25 kobolds
  A quokka skeleton (D:9)
  A quokka zombie (D:5)
  4 rats
  A fire vortex (D:9)
335 creatures vanquished.

Vanquished Creatures (collateral kills)
  A two-headed ogre (D:8)
  A centaur skeleton (D:8)
  A wraith (D:11)
  A water moccasin (D:7)
  An ice beast (D:7)
  3 killer bees (D:11)
  2 howler monkeys (D:7)
  Crazy Yiuf (D:6)
  2 orc wizards (D:6)
  A worker ant (D:8)
  An orc (D:6)
  2 kobolds (D:11)
17 creatures vanquished.

Vanquished Creatures (others)
  Sigmund (D:2)
  2 fire vortices (D:9)
3 creatures vanquished.

Grand Total: 355 creatures vanquished

Notes
Turn   | Place    | Note
-------+----------+-------------------------------------------
     0 | D:1      | George the Demonspawn Gladiator began the quest for the Orb.
     0 | D:1      | Reached XP level 1. HP: 16/16 MP: 1/1
    55 | D:1      | Reached skill level 3 in Long Blades
   305 | D:1      | Gained mutation: You are partially covered in iridescent scales. (AC +2) [demonic ancestry]
   305 | D:1      | Reached XP level 2. HP: 13/22 MP: 2/2
   669 | D:1      | Gained mutation: You sometimes gain a little power by taking damage. [demonic ancestry]
   669 | D:1      | Reached XP level 3. HP: 24/27 MP: 3/3
  1139 | D:2      | Reached skill level 4 in Long Blades
  1191 | D:2      | Noticed Terence
  1202 | D:2      | Killed Terence
  1351 | D:2      | Gained mutation: You sometimes gain power by taking damage. [demonic ancestry]
  1351 | D:2      | Reached XP level 4. HP: 33/33 MP: 4/4
  1435 | D:2      | Noticed Sigmund
  1469 | D:2      | Killed Sigmund
  1469 | D:2      | Reached skill level 5 in Long Blades
  1469 | D:2      | Reached XP level 5. HP: 19/38 MP: 5/5
  1637 | D:2      | Found a sacrificial altar of Ru.
  1637 | D:2      | Found an iron altar of Okawaru.
  2100 | D:3      | Reached skill level 6 in Long Blades
  2329 | D:4      | Reached XP level 6. HP: 35/44 MP: 6/6
  2478 | D:4      | Noticed removed's ghost (amateur VSEE)
  2562 | D:4      | Killed removed's ghost
  2562 | D:4      | Reached skill level 7 in Long Blades
  2700 | D:4      | Found a staircase to the Ecumenical Temple.
  2812 | D:4      | Gained mutation: You have a pair of small horns on your head. [demonic ancestry]
  2812 | D:4      | Reached XP level 7. HP: 38/50 MP: 7/7
  3180 | Temple   | Entered the Ecumenical Temple
  3348 | D:5      | Entered Level 5 of the Dungeon
  3407 | D:5      | Reached skill level 8 in Long Blades
  3414 | D:5      | Gained mutation: You have a pair of horns on your head. [mutagenic meat]
  3415 | D:5      | Gained mutation: Your natural rate of healing is unusually fast. [mutagenic meat]
  3562 | D:5      | Reached skill level 9 in Long Blades
  3562 | D:5      | Gained mutation: A weak demonic guardian rushes to your aid. [demonic ancestry]
  3562 | D:5      | Reached XP level 8. HP: 42/56 MP: 8/8
  4368 | D:6      | Reached skill level 10 in Long Blades
  4629 | D:6      | Found a runed door.
  4850 | D:6      | Found a burning altar of Makhleb.
  4852 | D:6      | Found a glowing silver altar of Zin.
  4852 | D:6      | Noticed a balrug
  4852 | D:6      | Noticed an angel
  4856 | D:6      | Became a worshipper of Makhleb the Destroyer
  5003 | D:6      | Noticed Crazy Yiuf
  5008 | D:6      | Paralysed by Crazy Yiuf for 7 turns
  5016 | D:6      | Killed Crazy Yiuf
  5130 | D:7      | Reached skill level 1 in Invocations
  5134 | D:7      | Found Zerum's Food Emporium.
  5154 | D:7      | Reached skill level 1 in Armour
  5226 | D:7      | Found Esemit's Antique Weapon Emporium.
  5265 | D:7      | Found Ruson's Weapon Emporium.
  5268 | D:7      | Reached XP level 9. HP: 62/62 MP: 10/10
  5611 | D:8      | Reached * piety under Makhleb
  5697 | D:8      | Noticed Psyche
  5706 | D:8      | Killed Psyche
  5836 | D:8      | Found a shattered altar of Ashenzari.
  5988 | D:8      | Noticed a two-headed ogre
  5995 | D:8      | Killed a two-headed ogre
  5995 | D:8      | Reached skill level 11 in Long Blades
  5995 | D:8      | Reached skill level 5 in Invocations
  6274 | D:8      | Noticed a two-headed ogre
  6329 | D:8      | Killed a two-headed ogre
  6329 | D:8      | Gained mutation: You are mostly covered in iridescent scales. (AC +4) [demonic ancestry]
  6329 | D:8      | Reached XP level 10. HP: 36/73 MP: 12/14
  6727 | D:9      | Learned a level 2 spell: Shroud of Golubria
  6730 | D:9      | Learned a level 2 spell: Song of Slaying
  6734 | D:9      | Learned a level 3 spell: Regeneration
  6803 | D:9      | Reached skill level 5 in Dodging
  7121 | D:9      | Reached ** piety under Makhleb
  7174 | D:9      | Reached skill level 5 in Fighting
  7452 | D:9      | Noticed a two-headed ogre
  7562 | D:9      | Killed a two-headed ogre
  7993 | D:9      | Found a staircase to the Orcish Mines.
  8001 | D:9      | Reached skill level 5 in Armour
  8168 | D:10     | Entered Level 10 of the Dungeon
  8237 | D:10     | Reached *** piety under Makhleb
  8237 | D:10     | Reached XP level 11. HP: 81/81 MP: 12/16
  8300 | D:10     | Learned a level 3 spell: Spectral Weapon
  8573 | D:10     | Found a staircase to the Lair.
  8804 | D:10     | Noticed a two-headed ogre
  8809 | D:10     | Killed a two-headed ogre
  9219 | D:11     | Reached **** piety under Makhleb
  9361 | D:11     | Noticed Harold
  9429 | D:11     | Killed Harold
  9582 | D:11     | Noticed Sonja
  9592 | D:11     | Killed Sonja
  9708 | D:11     | Reached skill level 12 in Long Blades
 10431 | D:11     | Noticed a two-headed ogre
 10440 | D:11     | Killed a two-headed ogre
 10476 | D:12     | Found a frozen archway.
 10484 | IceCv    | Entered an ice cave
 10497 | IceCv    | Reached ***** piety under Makhleb
 10502 | IceCv    | Gained mutation: You are completely covered in iridescent scales. (AC +6) [demonic ancestry]
 10502 | IceCv    | Reached XP level 12. HP: 63/91 MP: 19/19
 10780 | IceCv    | Slain by a white ugly thing

Skill      XL: |  1  2  3  4  5  6  7  8  9 10 11 |
---------------+----------------------------------+-----
Long Blades    | 3 4 5 6 7 9 10 11 12 | 12.2
Invocations    | 2 5 7 9 |  9.6
Dodging        | 3 4 6 7 |  7.5
Armour         | 1 3 5 6 |  6.9
Fighting       | 4 6 7 |  7.7
Throwing       | |  1.7

Action                   |  1- 3 |  4- 6 |  7- 9 | 10-12 || total
-------------------------+-------+-------+-------+-------++-------
Melee: Long sword        |    88 |   211 |   417 |   458 ||  1174
       Headbutt          |       |       |    96 |   173 ||   269
       Great sword       |       |       |       |   170 ||   170
Throw: Javelin           |       |       |       |     9 ||     9
 Abil: Evoke Berserk Rag |       |       |     2 |     1 ||     3
Evoke: Wand              |       |     6 |       |     5 ||    11
  Use: Scroll            |       |       |    12 |     4 ||    16
       Potion            |       |       |       |     2 ||     2
 Stab: Distracted        |       |       |     3 |     2 ||     5
  Eat: Chunk             |     1 |     5 |    15 |    16 ||    37
       Fruit             |       |       |     1 |       ||     1
Armor: Leather armour    |    22 |       |       |       ||    22
       Chain mail        |    18 |   138 |   281 |   437 ||   874
Dodge: Dodged            |    75 |    72 |   164 |   400 ||   711
       Rpst.: Long sword |    22 |    18 |    50 |    82 ||   172
       Great sword       |       |       |       |    45 ||    45
